 Dungeon Crawl Stone Soup version 0.24.1 (webtiles) character file.

Game seed: 14995223232757471538, levelgen mode: deterministic

32 Destapler the Magician (level 3, -3/26 HPs)
             Began as a Human Wizard on Mar 26, 2020.
             Slain by an ice beast (14 damage)
             ... on level 2 of the Dungeon.
             The game lasted 00:06:37 (1333 turns).

Destapler the Magician (Human Wizard)               Turns: 1333, Time: 00:06:37

Health: -3/26      AC:  2    Str:  7    XL:     3   Next: 45%
Magic:  2/7        EV: 12    Int: 19    God:
Gold:   69         SH:  0    Dex: 11    Spells: 3/8 levels left

rFire    . . .     SeeInvis .   h - +0 dagger
rCold    . . .     Gourm    .   (no shield)
rNeg     . . .     Faith    .   a - +0 robe
rPois    .         Spirit   .   b - +0 hat
rElec    .         Reflect  .   (no cloak)
rCorr    .         Harm     .   (no gloves)
MR       .....                  (no boots)
Stlth    ++........             (no amulet)
HPRegen  0.08/turn              (no ring)
MPRegen  0.10/turn              (no ring)

@: very slightly contaminated
A: no striking features
a: no special abilities


You were on level 2 of the Dungeon.
You were not hungry.

You visited 1 branch of the dungeon, and saw 2 of its levels.

You collected 69 gold pieces.

Inventory:

Hand Weapons
 h - a +0 dagger (weapon)
Missiles
 f - 81 stones (quivered)
 p - 15 poisoned darts
Armour
 a - a +0 robe (worn)
 b - a +0 hat (worn)
 e - a +0 shield
Scrolls
 c - 2 scrolls of teleportation {unknown}
 g - a scroll of immolation {unknown}
 i - 3 scrolls of identify {unknown}
 j - a scroll of fear {unknown}
 l - a scroll of noise {unknown}
 m - a scroll of remove curse {unknown}
 r - a scroll of enchant weapon {unknown}
Potions
 n - a potion of mutation {unknown}
 o - a potion of brilliance {unknown}
 q - a potion of ambrosia {unknown}
Comestibles
 d - 4 rations
 k - 4 chunks of flesh


   Skills:
 + Level 1.0 Fighting
 - Level 2.0 Dodging
 + Level 2.4 Stealth
 * Level 3.4 Spellcasting
 + Level 1.6 Conjurations
 - Level 1.0 Summonings
 - Level 1.0 Translocations


You had 3 spell levels left.
You knew the following spells:

 Your Spells              Type           Power        Failure   Level  Hunger
a - Magic Dart            Conj           #...         8%          1    None
b - Blink                 Tloc           N/A          14%         2    ##.....
i - Call Imp              Summ           #.......     14%         2    ##.....

Your spell library contained the following spells:

 Spells                   Type           Power        Failure   Level  Hunger
 Slow                     Hex            #.......     22%         2    ##.....
 Conjure Flame            Conj/Fire      #.......     32%         3    ###....
 Mephitic Cloud           Conj/Pois/Air  #.......     34%         3    ###....


Dungeon Overview and Level Annotations

Branches:
Dungeon (2/15)

Altars:


Message History

Casting: Call Imp (safe; 14% risk of failure)
Confirm with . or Enter, or press ? or * to list all spells.
Aiming: Magic Dart (safe; 8% risk of failure)
Press: ? - help, Shift-Dir - straight line, f - ice beast
Aim: an ice beast The magic dart hits the ice beast but does no damage.
Your crimson imp closely misses the ice beast.
Your crimson imp hits the ice beast but does no damage.
Casting: Magic Dart (safe; 8% risk of failure)
Confirm with . or Enter, or press ? or * to list all spells.
You blink.
Your crimson imp blinks!
Things that are here:
a +0 dagger; a kobold skeleton
There is a stone staircase leading up here.
You hit the ice beast but do no damage.
Your crimson imp disappears in a puff of smoke!
The ice beast hits you. The ice beast freezes you!
Ouch! That really hurt!
You die...

# ... . / #.#
..##. #.# ...
.....##.# ^..
#.)..# ... #...#
.. #.#.## .# #
###.#..###.# #..
#....[.@...##....
#...<..Y.§.......
#.......)......#
#......÷...#####
#..........#
#..........#
##.#...######
.............#
........#........


You could see an ice beast.

Vanquished Creatures
  A worm (D:2)
  A dart slug (D:2)
  A leopard gecko (D:1)
  A ball python (D:1)
  3 bats (D:1)
  3 goblins
  4 hobgoblins (D:1)
  2 quokkas
  2 frilled lizards (D:1)
  4 kobolds
  2 rats (D:1)
24 creatures vanquished.

Vanquished Creatures (collateral kills)
  A rat (D:2)
1 creature vanquished.

Grand Total: 25 creatures vanquished

Notes
Turn   | Place    | Note
-------+----------+-------------------------------------------
     0 | D:1      | Destapler the Human Wizard began the quest for the Orb.
     0 | D:1      | Reached XP level 1. HP: 13/13 MP: 4/4
   416 | D:1      | Reached XP level 2. HP: 19/20 MP: 0/6
   425 | D:1      | Learned a level 2 spell: Blink
   428 | D:1      | Learned a level 2 spell: Call Imp
  1012 | D:2      | Reached XP level 3. HP: 20/25 MP: 1/7
  1098 | D:1      | Reached skill level 1 in Fighting
  1321 | D:2      | Noticed an ice beast
  1333 | D:2      | Slain by an ice beast

Levels and vault maps discovered:
D:1:      dpeg_arrival_tiny_g, layout_loops_ring, dk_noncrumbling_3,
          kennysheep_boxes
D:2:      layout_rooms, nicolae_gozag_seed_capital, minmay_pentomino_u2,
          uniq_jessica, uniq_robin

Skill      XL: |  1  2  3 |
---------------+----------+-----
Fighting       | 1 |  1.0
Dodging        | |  2.0
Stealth        | |  2.4
Spellcasting   | |  3.4
Conjurations   | |  1.6
Summonings     | |  1.0
Translocations | |  1.0

Action                   || total
-------------------------++-------
Melee: Dagger            ||    56
       Unarmed           ||     2
 Cast: Magic Dart        ||    49
       Blink             ||     2
       Call Imp          ||     1
 Stab: Sleeping          ||     1
  Eat: Chunk             ||     1
Armor: Robe              ||    15
Dodge: Dodged            ||    52
